 Dungeon Crawl Stone Soup version 0.26-a0-53-g45f243fec8 (webtiles) character file.

Game seed: 18068313110443721499

261 MarredHen the Stinger (level 6, 0/44 HPs)
             Began as a Gnoll Venom Mage on June 7, 2020.
             Was an Initiate of Ashenzari.
             Killed from afar by an orc wizard (8 damage)
             ... with a puff of frost
             ... on level 4 of the Dungeon.
             The game lasted 00:07:06 (3746 turns).

MarredHen the Stinger (Gnoll Venom Mage)            Turns: 3746, Time: 00:07:07

Health: 0/44       AC:  3    Str: 11    XL:     6   Next: 18%
Magic:  11/13      EV: 12    Int: 18    God:    Ashenzari [......]
Gold:   121        SH:  8    Dex: 16    Spells: 14/15 levels left

rFire    . . .     SeeInvis .   d - +0 dagger
rCold    . . .     Gourm    .   i - +0 kite shield
rNeg     . . .     Faith    .   o - +1 leather armour
rPois    .         Spirit   .   (no helmet)
rElec    .         Reflect  .   (no cloak)
rCorr    .         Harm     .   (no gloves)
MR       .....                  l - +0 pair of boots
Stlth    +++.......             (no amulet)
HPRegen  0.14/turn              (no ring)
MPRegen  0.13/turn              (no ring)

@: very slightly contaminated
A: distributed training, fangs 1, hooves 2, deformed body, wild magic 1, strong
nose
a: Curse Item, Renounce Religion


You were on level 4 of the Dungeon.
You worshipped Ashenzari.
Ashenzari was noncommittal.
You were not hungry.

You visited 1 branch of the dungeon, and saw 4 of its levels.

You collected 121 gold pieces.

Inventory:

Hand Weapons
 d - a +0 dagger (weapon)
Armour
 a - a +0 robe
 i - a +0 kite shield (worn)
 l - a +0 pair of boots (worn)
 o - a +1 leather armour (worn)
Jewellery
 p - an uncursed ring of protection from cold
Scrolls
 b - a scroll of enchant weapon {unknown}
 e - a scroll of teleportation
 g - a scroll of amnesia
 h - a scroll of fear
 j - a scroll of magic mapping
 k - a scroll of enchant armour
 m - a scroll of remove curse
 q - 2 scrolls of fog {unknown}
 t - a scroll of identify
Potions
 f - a potion of flight
 n - a potion of magic
 r - a potion of might {unknown}
 s - a potion of berserk rage {unknown}
Comestibles
 c - 10 rations


   Skills:
 + Level 1.8 Fighting
 + Level 1.8 Short Blades
 + Level 1.8 Long Blades
 + Level 1.8 Axes
 + Level 1.8 Maces & Flails
 + Level 1.8 Polearms
 + Level 1.8 Staves
 + Level 1.8 Slings
 + Level 1.8 Bows
 + Level 1.8 Crossbows
 + Level 1.8 Throwing
 + Level 1.8 Armour
 + Level 4.9 Dodging
 + Level 4.5 Stealth
 + Level 1.8 Shields
 + Level 1.8 Unarmed Combat
 + Level 5.3 Spellcasting
 + Level 1.4 Conjurations
 + Level 1.4 Hexes
 + Level 1.4 Charms
 + Level 1.4 Summonings
 + Level 1.4 Necromancy
 + Level 1.4 Translocations
 + Level 2.5 Transmutations
 + Level 1.4 Fire Magic
 + Level 1.4 Ice Magic
 + Level 1.4 Air Magic
 + Level 1.4 Earth Magic
 + Level 5.6 Poison Magic
 + Level 2.0 Invocations
 + Level 1.8 Evocations


You had 14 spell levels left.
You knew the following spells:

 Your Spells              Type           Power        Failure   Level  Hunger
a - Sting                 Tmut/Pois      ####         24%         1    None

Your spell library contained the following spells:

 Spells                   Type           Power        Failure   Level  Hunger
 Poisonous Vapours        Pois/Air       ###...       41%         2    #......
 Ignite Poison            Fire/Tmut/Pois ###.....     67%         3    ##.....
 Mephitic Cloud           Conj/Pois/Air  ###.....     73%         3    ##.....
 Olgreb's Toxic Radiance  Pois           ####....     75%         4    ####...


Dungeon Overview and Level Annotations

Branches:
Dungeon (4/15)
 Temple: D:4-7

Altars:
Ashenzari
Kikubaaqudgha
Okawaru

Shops:
D:4 *


Innate Abilities, Weirdness & Mutations

Your experience applies equally to all skills.
You have very sharp teeth.
Your uncanny sense of smell can sniff out nearby items.
You have hoof-like feet.
Armour fits poorly on your strangely shaped body.
Your spells are a little harder to cast, but a little more powerful.


Message History

The sting hits the orc wizard.
The orc wizard looks even sicker.
The orc wizard is moderately wounded.
The orc wizard hits you but does no damage.
You closely miss the orc wizard.
The orc wizard is moderately wounded.
The orc wizard hits you with a +0 quarterstaff!
* * * LOW HITPOINT WARNING * * *
You block the orc wizard's attack.
Things that are here:
a +0 leather armour; a +0 mace; a +0 giant spiked club An orc wizard appears from thin air!
Reactivating autopickup.
The orc wizard casts a spell.
The orc wizard flickers and vanishes!
Deactivating autopickup; reactivate with Ctrl-A.
The orc wizard hits you with a +0 quarterstaff.
* * * LOW HITPOINT WARNING * * *
The orc wizard points at you and mumbles some strange words.
The puff of frost hits you!
You die...

###### ####### .....##### #.....#
.....#..o################.###.###
........oo.o[..o@.............>..
........o##################.#.###
)........# #.....#.#.# #
.).......# #.###.#.#.###
.........# #.###...#....
......#### #....######## ......#
######.##### ..###.# #..........#
..# #.# ####...(......#


You could see an orc wizard (fast, poisoned) and 2 orcs.

Vanquished Creatures
  An ogre (D:4)
  3 gnolls (D:4)
  6 adders
  2 oozes
  A worm (D:2)
  2 dart slugs
  5 leopard geckos
  3 orcs (D:4)
  5 bats
  6 giant cockroaches
  4 hobgoblins
  3 jackals (D:4)
  3 quokkas
  A frilled lizard (D:3)
  9 goblins
  11 kobolds
  9 rats
74 creatures vanquished.

Notes
Turn   | Place    | Note
-------+----------+-------------------------------------------
     0 | D:1      | MarredHen the Gnoll Venom Mage began the quest for the Orb.
     0 | D:1      | Reached XP level 1. HP: 13/13 MP: 6/6
   158 | D:1      | Reached XP level 2. HP: 19/19 MP: 3/7
   687 | D:1      | Reached XP level 3. HP: 22/25 MP: 6/9
  1002 | D:2      | Reached skill level 5 in Spellcasting
  1410 | D:2      | Reached skill level 1 in Invocations
  1536 | D:2      | Reached skill level 1 in Fighting
  1536 | D:2      | Reached skill level 1 in Short Blades
  1536 | D:2      | Reached skill level 1 in Long Blades
  1536 | D:2      | Reached skill level 1 in Axes
  1536 | D:2      | Reached skill level 1 in Maces & Flails
  1536 | D:2      | Reached skill level 1 in Polearms
  1536 | D:2      | Reached skill level 1 in Staves
  1536 | D:2      | Reached skill level 1 in Slings
  1536 | D:2      | Reached skill level 1 in Bows
  1536 | D:2      | Reached skill level 1 in Crossbows
  1536 | D:2      | Reached skill level 1 in Throwing
  1536 | D:2      | Reached skill level 1 in Armour
  1536 | D:2      | Reached skill level 1 in Shields
  1536 | D:2      | Reached skill level 1 in Unarmed Combat
  1536 | D:2      | Reached skill level 1 in Evocations
  1653 | D:2      | Reached XP level 4. HP: 32/32 MP: 7/11
  1866 | D:3      | Gained mutation: Armour fits poorly on your strangely
                  | shaped body. [potion of mutation]
  1866 | D:3      | Gained mutation: Your spells are a little harder to cast,
                  | but a little more powerful. [potion of mutation]
  1866 | D:3      | Gained mutation: You have large cloven feet. [potion of
                  | mutation]
  1866 | D:3      | Gained mutation: You have hoof-like feet. [potion of
                  | mutation]
  2176 | D:3      | Reached skill level 1 in Conjurations
  2176 | D:3      | Reached skill level 1 in Hexes
  2176 | D:3      | Reached skill level 1 in Charms
  2176 | D:3      | Reached skill level 1 in Summonings
  2176 | D:3      | Reached skill level 1 in Necromancy
  2176 | D:3      | Reached skill level 1 in Translocations
  2176 | D:3      | Reached skill level 1 in Fire Magic
  2176 | D:3      | Reached skill level 1 in Ice Magic
  2176 | D:3      | Reached skill level 1 in Air Magic
  2176 | D:3      | Reached skill level 1 in Earth Magic
  2620 | D:3      | Reached XP level 5. HP: 37/37 MP: 8/12
  3235 | D:4      | Found Momic's General Store.
  3439 | D:4      | Noticed an ogre
  3455 | D:4      | Killed an ogre
  3455 | D:4      | Reached XP level 6. HP: 44/44 MP: 8/13
  3665 | D:4      | Found an ancient bone altar of Kikubaaqudgha.
  3668 | D:4      | Found an iron altar of Okawaru.
  3670 | D:4      | Found a shattered altar of Ashenzari.
  3686 | D:4      | Became a worshipper of Ashenzari the Shackled
  3746 | D:4      | Killed from afar by an orc wizard

Illustrated notes

Levels and vault maps discovered:
D:1:      dpeg_arrival_fog, layout_basic, minmay_hedge_maze, st_stairs_9,
          minmay_pentomino_p4
D:2:      layout_rooms, nicolae_overflow_hidden_temple
D:3:      layout_basic
D:4:      layout_basic, grunt_qazlal_clouds,
          gammafunk_temple_overflow_forgotten, serial_shops,
          nicolae_shop_temple_entry_statues_fountains, solitary_fountain

Skill      XL: |  1  2  3  4  5 |
---------------+----------------+-----
Transmutations | 2 |  2.5
Spellcasting   | 5 |  5.3
Invocations    | 1 2 |  2.0
Fighting       | 1 |  1.8
Short Blades   | 1 |  1.8
Long Blades    | 1 |  1.8
Axes           | 1 |  1.8
Maces & Flails | 1 |  1.8
Polearms       | 1 |  1.8
Staves         | 1 |  1.8
Slings         | 1 |  1.8
Bows           | 1 |  1.8
Crossbows      | 1 |  1.8
Throwing       | 1 |  1.8
Armour         | 1 |  1.8
Shields        | 1 |  1.8
Unarmed Combat | 1 |  1.8
Evocations     | 1 |  1.8
Conjurations   | 1 |  1.4
Hexes          | 1 |  1.4
Charms         | 1 |  1.4
Summonings     | 1 |  1.4
Necromancy     | 1 |  1.4
Translocations | 1 |  1.4
Fire Magic     | 1 |  1.4
Ice Magic      | 1 |  1.4
Air Magic      | 1 |  1.4
Earth Magic    | 1 |  1.4
Dodging        | |  4.9
Stealth        | |  4.5
Poison Magic   | |  5.6

Action                   |  1- 3 |  4- 6 || total
-------------------------+-------+-------++-------
Melee: Dagger            |    22 |    21 ||    43
       Bite              |     5 |     1 ||     6
 Cast: Sting             |    56 |    85 ||   141
  Use: Scroll            |     3 |     9 ||    12
       Potion            |       |     1 ||     1
  Eat: Chunk             |     1 |     7 ||     8
Armor: Robe              |     6 |     3 ||     9
       Leather armour    |       |     5 ||     5
Dodge: Dodged            |    35 |    40 ||    75
Block: Kite shield       |    13 |    25 ||    38

Table legend:
 A = Non-vault XP
 B = Vault XP
 C = Vault XP percentage of total XP
 D = Non-vault monster count
 E = Vault monster count
 F = Vault count percentage of total count
                 A         B        C        D         E       F
            +---------+---------+-------+---------+---------+-------
      Total |     365 |       8 |   2.1 |      69 |       5 |   6.8
            +---------+---------+-------+---------+---------+-------
        D:1 |      28 |       8 |  22.2 |      14 |       5 |  26.3
        D:2 |      51 |       0 |   0.0 |      15 |       0 |   0.0
        D:3 |      95 |       0 |   0.0 |      28 |       0 |   0.0
        D:4 |     191 |       0 |   0.0 |      12 |       0 |   0.0
            +---------+---------+-------+---------+---------+-------
